 Dungeon Crawl Stone Soup version 0.20.1-1-g8b1a95d (webtiles) character file.

42 ReignOfFire the Firebug (level 3, -7/21 HPs)
             Began as an Octopode Fire Elementalist on July 20, 2017.
             Killed from afar by Syrinius's ghost (8 damage)
             ... with a magic dart
             ... on level 3 of the Dungeon.
             The game lasted 00:02:30 (1689 turns).

ReignOfFire the Firebug (OpFE)                      Turns: 1689, Time: 00:02:31

Health: -7/21      AC:  1    Str:  7    XL:     3   Next: 54%
Magic:  6/7        EV: 13    Int: 18    God:
Gold:   97         SH:  0    Dex: 12    Spells: 6/7 levels left

rFire    . . .     SeeInvis .   (no weapon)
rCold    . . .     Gourm    .   (no shield)
rNeg     + . .     Faith    .   (helmet restricted)
rPois    .         Spirit   .   (no amulet)
rElec    .         Reflect  .   n - ring of positive energy
rCorr    .         Harm     .   (no ring)
MR       .....                  (no ring)
Stlth    +++.......             (no ring)
Regen    0.1/turn               (no ring)
MPRegen  0.1/turn               (no ring)
                                (no ring)
                                (no ring)

@: no status effects
A: almost no armour, stealthy swim, amphibious, 8 rings, constrict 8, camouflage
1, gelatinous body 1
a: no special abilities


You were on level 3 of the Dungeon.
You were hungry.

You visited 1 branch of the dungeon, and saw 3 of its levels.

You collected 97 gold pieces.

Inventory:

Jewellery
 n - a ring of positive energy (left tentacle)
Scrolls
 e - 3 scrolls of teleportation {unknown}
 g - 4 scrolls of identify {unknown}
 j - a scroll of recharging {unknown}
 k - a scroll of fog {unknown}
 l - 2 scrolls of blinking {unknown}
 m - a scroll of remove curse {unknown}
 o - a scroll of enchant weapon {unknown}
Potions
 c - a potion of curing {unknown}
 d - 3 potions of agility {unknown}
 f - 2 potions of haste {unknown}
 h - 3 potions of lignification {unknown}
 i - a potion of degeneration {unknown}
Books
 a - a book of Flames

   Spells                             Type                      Level
   a - Flame Tongue                   Conjuration/Fire             1
   b - Throw Flame                    Conjuration/Fire             2
   c - Conjure Flame                  Conjuration/Fire             3
   d - Inner Flame                    Hexes/Fire                   3
   e - Sticky Flame                   Conjuration/Fire             4
   f - Fireball                       Conjuration/Fire             5
Comestibles
 b - a bread ration
 p - a meat ration


   Skills:
 + Level 2.0 Dodging
 + Level 2.9 Stealth
 + Level 2.7 Spellcasting
 + Level 1.3 Conjurations
 + Level 3.6 Fire Magic


You had 6 spell levels left.
You knew the following spells:

 Your Spells              Type           Power        Failure   Level  Hunger
a - Flame Tongue          Conj/Fire      ##...        6%          1    #......


Dungeon Overview and Level Annotations

Branches:
Dungeon (3/15)

Altars:
Elyvilon

Annotations:
D:3 Syrinius's ghost, amateur OpCj


Innate Abilities, Weirdness & Mutations

You cannot wear most types of armour.
You are very stealthy in the water. (Stealth+)
You are amphibious.
You can wear up to eight rings at the same time.
You can use your tentacles to constrict eight enemies at once.
Your skin changes colour to match your surroundings (Stealth+).
Your rubbery body absorbs attacks. (AC +1, EV +1)


Message History

The flame tongue misses Syrinius's ghost.
Syrinius's ghost turns its malevolent gaze towards you.
Syrinius's ghost stares at you and mumbles some strange words.
The magic dart hits you!
Casting: Flame Tongue
Confirm with . or Enter, or press ? or * to list all spells.
Aiming: Flame Tongue
Press: ? - help, Shift-Dir - straight line, f/p - Syrinius's ghost
Aim: Syrinius's ghost The flame tongue hits Syrinius's ghost.
Syrinius's ghost is lightly damaged.
Syrinius's ghost stares at you and mumbles some strange words.
The magic dart hits you!
Syrinius's ghost makes a sound of rattling chains.
Syrinius's ghost stares at you and mumbles some strange words.
The magic dart hits you!
* * * LOW HITPOINT WARNING * * *
Syrinius's ghost casts a spell at you. The magic dart hits you!
You die...

#....(......#
#(######.####
#.# #W# #.#
#.# #.# #.#
#@# #.######
#.....<#
########


You could see Syrinius's ghost.

Vanquished Creatures
  An adder (D:2)
  A worm (D:2)
  A dart slug (D:1)
  A giant cockroach (D:2)
  4 goblins
  2 hobgoblins (D:1)
  2 jackals (D:2)
  6 kobolds
  3 bats (D:1)
  3 frilled lizards
  4 rats
28 creatures vanquished.

Notes
Turn   | Place    | Note
-------+----------+-------------------------------------------
     0 | D:1      | ReignOfFire the Octopode Fire Elementalist began the quest for the Orb.
     0 | D:1      | Reached XP level 1. HP: 11/11 MP: 3/3
   172 | D:1      | Reached XP level 2. HP: 17/17 MP: 1/5
  1009 | D:2      | Found a white marble altar of Elyvilon.
  1045 | D:2      | Reached XP level 3. HP: 13/21 MP: 0/6
  1678 | D:3      | Noticed Syrinius's ghost (amateur OpCj)
  1687 | D:3      | HP: 1/21 [Syrinius's ghost/magic dart (8)]
  1689 | D:3      | Killed from afar by Syrinius's ghost

Action                   || total
-------------------------++-------
Melee: Unarmed           ||    10
       Constrict         ||     2
       Tentacles         ||     1
 Cast: Flame Tongue      ||    51
  Eat: Chunk             ||     2
Armor: Skin              ||     3
Dodge: Dodged            ||    27
